 Dungeon Crawl Stone Soup version 0.21.1-1-g345015fe64 (webtiles) character file.

4138 Mrkan the Grappler (level 10, -7/107 HPs)
             Began as a Troll Monk on July 12, 2018.
             Was an Elder of Okawaru.
             Mangled by a cyan ugly thing (15 damage)
             ... on level 8 of the Dungeon.
             The game lasted 00:19:34 (6836 turns).

Mrkan the Grappler (Troll Monk)                     Turns: 6836, Time: 00:19:35

Health: -7/107     AC:  7    Str: 21    XL:     10   Next: 7%
Magic:  0/9        EV: 11    Int:  6    God:    Okawaru [****..]
Gold:   358        SH:  0    Dex: 15    Spells: 9/9 levels left

rFire    . . .     SeeInvis .     - Unarmed
rCold    . . .     Gourm    +   (no shield)
rNeg     . . .     Faith    .   a - +1 robe
rPois    .         Spirit   +   (helmet restricted)
rElec    .         Reflect  .   i - +0 cloak
rCorr    .         Harm     .   (gloves unavailable)
MR       .....                  (boots unavailable)
Stlth    ++........             j - amulet of guardian spirit
HPRegen  0.67/turn              (no ring)
MPRegen  0.11/turn              (no ring)

@: no status effects
A: large, unfitting armour, claws 3, fast metabolism 3, gourmand, regeneration
1, shaggy fur 1, tough skin 2
a: Heroism, Renounce Religion


You were on level 8 of the Dungeon.
You worshipped Okawaru.
Okawaru was greatly pleased with you.
You were not hungry.

You visited 1 branch of the dungeon, and saw 8 of its levels.

You collected 358 gold pieces.

Inventory:

Hand Weapons
 f - a +0 whip of venom
 m - a +2 whip of pain
 p - a +2 short sword of electrocution
Armour
 a - a +1 robe (worn)
 i - a +0 cloak (worn)
Jewellery
 h - an uncursed ring of see invisible {unknown}
 j - an amulet of guardian spirit (around neck)
 k - a cursed ring of teleportation
 w - a +4 ring of evasion {unknown}
Wands
 n - a wand of disintegration (7)
 r - a wand of iceblast (13)
Scrolls
 c - 7 scrolls of remove curse
 d - 3 scrolls of amnesia
 o - a scroll of enchant weapon
 s - 2 scrolls of identify
 u - a scroll of magic mapping
 v - a scroll of teleportation
Potions
 e - a potion of might {unknown}
 g - a potion of ambrosia {unknown}
 l - 2 potions of cancellation {unknown}
 q - a potion of lignification
 t - a potion of flight {unknown}
 x - a potion of mutation {unknown}
 z - 2 potions of degeneration {unknown}
Comestibles
 b - 17 rations


   Skills:
 * Level 9.0 Fighting
 - Level 2.6 Dodging
 - Level 1.2 Stealth
 * Level 10.6 Unarmed Combat


You had 9 spell levels left.
You didn't know any spells.

Dungeon Overview and Level Annotations

Branches:
Dungeon (8/15)             Temple (0/1) D:7
   Lair: D:8-11

Altars:
Cheibriados
Fedhas
Hepliaklqana
Okawaru
Ru
Sif Muna
Trog
Uskayaw
Vehumet
Wu Jian
Xom
Yredelemnul

Annotations:
D:5 Prince Ribbit


Innate Abilities, Weirdness & Mutations

You are too large for most types of armour.
You have claws for hands.
Your metabolism is lightning-fast.
You like to eat raw meat.
Your natural rate of healing is unusually fast.
You are covered in fur. (AC +1)
You have very tough skin. (AC +2)


Message History

The cyan ugly thing closely misses you.
You scratch the cyan ugly thing but do no damage.
The cyan ugly thing is lightly wounded.
The cyan ugly thing closely misses you.
You claw the cyan ugly thing!
The cyan ugly thing is moderately wounded.
You scratch the cyan ugly thing but do no damage.
The cyan ugly thing is moderately wounded.
The cyan ugly thing trunk-slaps you! The cyan ugly thing shocks you!
* * * LOW HITPOINT WARNING * * *
You claw the cyan ugly thing!
The cyan ugly thing is heavily wounded.
The cyan ugly thing trunk-slaps you.
* * * LOW HITPOINT WARNING * * *
The cyan ugly thing shocks you!
* * * LOW HITPOINT WARNING * * *
The cyan ugly thing trunk-slaps you.
* * * LOW HITPOINT WARNING * * *
The cyan ugly thing shocks you!
You die...

#.#.##.# #.#.##.#
##.#.##.# #########.
...#.##.# #.........
####.##.# #.########
#.##.# #.# #.##.## #.#
#.##..####.#########
#...........u@.....#
########.####.###.###.#
...........##.##...#
.#######............#
.#######...##.##...##
.##...........# .##
###.####.###### ..
##...# #.# ##
.....###.#


You could see a cyan ugly thing.

Vanquished Creatures
  The ghost of Orcmeat the Thaumaturge, a novice GnWz (D:7)
  Pikel (D:7)
  Grinder (D:3)
  A hippogriff (D:8)
  A human (D:7)
  A yak (D:7)
  3 hogs (D:7)
  The ghost of SlightEye the Skirmisher, an amateur DsAK of Lugonu (D:3)
  Menkaure (D:6)
  An ice beast (D:8)
  An orc warrior (D:7)
  A slave (D:7)
  An ogre (D:5)
  A phantom (D:6)
  A bullfrog (D:6)
  2 big kobolds
  A wyvern zombie (D:6)
  3 scorpions
  4 crimson imps
  2 jellies
  A hound (D:8)
  Crazy Yiuf (D:7)
  A bullfrog skeleton (D:5)
  2 orc priests (D:7)
  3 centaur skeletons
  5 iguanas
  Ijyb (D:3)
  2 orc wizards
  6 worker ants
  A killer bee zombie (D:8)
  2 worker ant zombies
  Robin (D:3)
  3 gnolls (D:3)
  5 adders
  2 oozes (D:1)
  3 adder skeletons
  4 worms
  3 dart slugs
  6 leopard geckos
  15 orcs
  2 ball pythons
  7 giant cockroaches
  18 goblins
  7 hobgoblins
  6 jackals (D:1)
  6 quokkas
  8 bats
  7 frilled lizards
  17 kobolds
  A leopard gecko skeleton (D:4)
  2 quokka skeletons
  7 rats
184 creatures vanquished.

Notes
Turn   | Place    | Note
-------+----------+-------------------------------------------
     0 | D:1      | Mrkan the Troll Monk began the quest for the Orb.
     0 | D:1      | Reached XP level 1. HP: 22/22 MP: 0/0
    26 | D:1      | Reached XP level 2. HP: 28/29 MP: 1/1
   234 | D:1      | Reached XP level 3. HP: 34/36 MP: 2/2
   905 | D:2      | Reached XP level 4. HP: 34/45 MP: 3/3
   935 | D:2      | Reached skill level 4 in Unarmed Combat
  1247 | D:3      | Found a hide-covered altar of Uskayaw.
  1248 | D:3      | Noticed a dagger
  1250 | D:3      | Reached XP level 5. HP: 53/53 MP: 4/4
  1251 | D:3      | Noticed a hand axe
  1277 | D:3      | Noticed SlightEye's ghost (amateur DsAK)
  1297 | D:3      | Killed SlightEye's ghost
  1297 | D:3      | Reached skill level 5 in Unarmed Combat
  1297 | D:3      | Reached XP level 6. HP: 53/62 MP: 5/5
  1410 | D:3      | Noticed Ijyb
  1422 | D:3      | Killed Ijyb
  2056 | D:3      | Noticed Robin
  2073 | D:3      | Killed Robin
  2076 | D:3      | Noticed Grinder
  2104 | D:3      | Paralysed by Grinder for 7 turns
  2120 | D:3      | Paralysed by Grinder for 4 turns
  2147 | D:3      | Killed Grinder
  2147 | D:3      | Reached skill level 6 in Unarmed Combat
  2147 | D:3      | Reached XP level 7. HP: 7/71 MP: 6/6
  2438 | D:3      | Reached skill level 5 in Fighting
  2905 | D:4      | Found a snail-covered altar of Cheibriados.
  2923 | D:4      | Found a deep blue altar of Sif Muna.
  2932 | D:4      | Found a basalt altar of Yredelemnul.
  3115 | D:4      | Found an iron altar of Okawaru.
  3119 | D:4      | Became a worshipper of Warmaster Okawaru
  3119 | D:4      | Reached * piety under Okawaru
  3119 | D:4      | Reached ** piety under Okawaru
  3427 | D:4      | Found a shimmering altar of Xom.
  3437 | D:4      | Found a shimmering altar of Xom.
  3437 | D:4      | Found a shimmering altar of Xom.
  3438 | D:4      | Found a shimmering altar of Xom.
  3438 | D:4      | Found a shimmering altar of Xom.
  3440 | D:4      | Found a shimmering altar of Xom.
  3441 | D:4      | Found a shimmering altar of Xom.
  3628 | D:5      | Entered Level 5 of the Dungeon
  3721 | D:5      | Found a hazy altar of Hepliaklqana.
  3838 | D:5      | Reached skill level 7 in Unarmed Combat
  4003 | D:5      | Noticed Prince Ribbit
  4027 | D:5      | Reached XP level 8. HP: 50/83 MP: 5/7
  4483 | D:6      | Noticed Menkaure
  4489 | D:6      | Killed Menkaure
  4575 | D:6      | Found a blossoming altar of Fedhas.
  4679 | D:6      | Found a blossoming altar of Fedhas.
  4738 | D:6      | Reached *** piety under Okawaru
  4738 | D:6      | Reached skill level 8 in Unarmed Combat
  5274 | D:6      | Found a bloodstained altar of Trog.
  5325 | D:6      | Found a sacrificial altar of Ru.
  5329 | D:6      | Found a radiant altar of Vehumet.
  5488 | D:7      | Found an ornate altar of the Wu Jian Council.
  5675 | D:7      | Found a staircase to the Ecumenical Temple.
  5741 | D:7      | Noticed Pikel
  5757 | D:7      | Killed Pikel
  5757 | D:7      | Reached skill level 9 in Unarmed Combat
  5757 | D:7      | Reached XP level 9. HP: 77/94 MP: 8/8
  5935 | D:7      | Reached **** piety under Okawaru
  5955 | D:7      | Reached skill level 10 in Unarmed Combat
  6142 | D:7      | Noticed Orcmeat's ghost (novice GnWz)
  6167 | D:7      | Killed Orcmeat's ghost
  6178 | D:7      | Found a runed door.
  6473 | D:7      | Noticed Crazy Yiuf
  6476 | D:7      | Killed Crazy Yiuf
  6633 | D:8      | Reached XP level 10. HP: 97/107 MP: 9/9
  6817 | D:8      | Noticed a cyan ugly thing
  6836 | D:8      | Mangled by a cyan ugly thing

Skill      XL: |  1  2  3  4  5  6  7  8  9 |
---------------+----------------------------+-----
Fighting       | 3 4 5 7 9 |  9.0
Unarmed Combat | 4 5 6 7 9 10 | 10.6
Dodging        | |  2.6
Stealth        | |  1.2

Action                   |  1- 3 |  4- 6 |  7- 9 | 10-12 || total
-------------------------+-------+-------+-------+-------++-------
Melee: Unarmed           |   101 |   140 |   261 |    31 ||   533
       Punch             |     1 |     4 |    17 |       ||    22
Invok: Heroism           |       |       |     1 |       ||     1
  Use: Potion            |       |     1 |     3 |       ||     4
       Scroll            |       |       |    11 |       ||    11
 Stab: Sleeping          |       |     2 |     5 |       ||     7
       Distracted        |       |       |     1 |       ||     1
  Eat: Chunk             |    14 |     9 |    33 |       ||    56
       Ration            |       |       |     2 |       ||     2
Armor: Robe              |    61 |    49 |    55 |    12 ||   177
       Skin              |       |       |     5 |       ||     5
Dodge: Dodged            |    60 |    59 |   116 |    21 ||   256
